 Dungeon Crawl Stone Soup version 0.26-a0-1213-gd52f5182fe (webtiles) character file.

Game seed: 9362496640742522836

189 vvl the Sneak (level 5, -10/31 HPs)
             Began as an Octopode Fire Elementalist on Dec 30, 2020.
             Killed by divine providence
             ... invoked by an orc priest
              (13 damage)
             ... on level 3 of the Dungeon.
             The game lasted 00:07:51 (3489 turns).

vvl the Sneak (Octopode Fire Elementalist)          Turns: 3489, Time: 00:07:52

Health: -10/31     AC:  1    Str:  8    XL:     5   Next: 68%
Magic:  9/9        EV: 29    Int: 18    God:
Gold:   148        SH:  4    Dex: 18    Spells: 8/9 levels left

rFire    . . .     SeeInvis .   b - +0 dagger
rCold    . . .     Faith    .   g - +0 buckler
rNeg     . . .     Spirit   .   (helmet restricted)
rPois    .         Reflect  .   a - amulet of the acrobat
rElec    .         Harm     .   e - +6 ring of dexterity
rCorr    .         Rampage  .   (no ring)
Will     .....                  (no ring)
Stlth    ++++......             (no ring)
HPRegen  0.10/turn              (no ring)
MPRegen  0.11/turn              (no ring)
                                (no ring)
                                (no ring)

@: acrobat
A: almost no armour, stealthy swim, amphibious, 8 rings, constrict 8, camouflage
1, gelatinous body 1
a: no special abilities


You were on level 3 of the Dungeon.
You visited 1 branch of the dungeon, and saw 3 of its levels.

You collected 148 gold pieces.

Inventory:

Hand Weapons
 b - a +0 dagger (weapon)
Armour
 g - a +0 buckler (worn)
Jewellery
 a - an amulet of the acrobat (around mantle)
 e - a +6 ring of dexterity (left tentacle)
 l - an uncursed ring of positive energy {unknown}
 n - an uncursed amulet of faith {unknown}
 p - an uncursed amulet of regeneration {unknown}
Scrolls
 c - 3 scrolls of teleportation {unknown}
 f - 5 scrolls of identify {unknown}
 m - a scroll of magic mapping {unknown}
 q - a scroll of remove curse {unknown}
Potions
 d - a potion of lignification {unknown}
 h - a potion of haste {unknown}
 i - a potion of berserk rage {unknown}
 j - a potion of curing {unknown}
 k - a potion of degeneration {unknown}
 o - a potion of heal wounds {unknown}


   Skills:
 + Level 3.0 Dodging
 + Level 4.1 Stealth
 + Level 1.5 Shields
 + Level 2.7 Spellcasting
 + Level 2.3 Conjurations
 + Level 3.7 Fire Magic


You had 8 spell levels left.
You knew the following spells:

 Your Spells              Type           Power        Failure   Level
a - Foxfire               Conj/Fire      52%          7%          1

Your spell library contained the following spells:

 Spells                   Type           Power        Failure   Level
 Conjure Flame            Conj/Fire      13%          21%         3
 Inner Flame              Hex/Fire       9%           32%         3
 Sticky Flame             Conj/Fire      13%          54%         4
 Fireball                 Conj/Fire      6%           88%         5


Dungeon Overview and Level Annotations

Branches:
Dungeon (3/15)

Altars:
Fedhas


Innate Abilities, Weirdness & Mutations

You cannot wear most types of armour.
You are very stealthy in the water. (Stealth+)
You are amphibious.
You can wear up to eight rings at the same time.
You can use your tentacles to constrict eight enemies at once.
Your skin changes colour to match your surroundings (Stealth+).
Your rubbery body absorbs attacks. (AC +1, EV +1)


Message History

An orc priest is nearby!
An orc and an orc wizard come into view.
The orc priest shouts!
Found 17 gold pieces.
The orc priest looks satisfied for a moment.
An orc priest comes into view. It is wielding a +0 trident.
An orc comes into view. It is wielding a +0 short sword.
The orc priest calls down the wrath of Beogh upon you.
Beogh smites you!
The orc priest shouts!
The orc shouts!
Found a blossoming altar of Fedhas.
The orc shouts!
You hit the orc priest. Your grab misses the orc priest.
The orc priest is lightly wounded.
The orc priest mumbles some strange prayers to Beogh against you.
Beogh smites you!
* * * LOW HITPOINT WARNING * * *
The orc priest invokes the aid of Beogh against you.
Beogh smites you!
You die...

########
#......#........# ≈.
#####......#.......$# .≈≈
...........# .......##.≈_
...........# #.........≈≈
####....######........≈≈.
>........................
.....#.#########.........
................@o.o.o...
#################.o......
#...o.... . #........ .
#........ #.#####.. #.# .
#.#


You could see 2 orc priests, an orc wizard and 2 orcs.

Vanquished Creatures
  Jessica (D:3)
  Natasha (twice) (D:2)
  4 adders (D:2)
  An ufetubus (D:3)
  An ooze (D:2)
  A worm (D:2)
  3 dart slugs
  A ball python (D:1)
  3 giant cockroaches
  9 hobgoblins
  2 jackals (D:2)
  2 quokkas
  5 bats
  10 frilled lizards
  6 goblins
  5 kobolds
  12 rats
68 creatures vanquished.

Vanquished Creatures (others)
  12 foxfires (D:1)
12 creatures vanquished.

Grand Total: 80 creatures vanquished

Notes
Turn   | Place    | Note
-------+----------+-------------------------------------------
     0 | D:1      | vvl the Octopode Fire Elementalist began the quest for the
                  | Orb.
     0 | D:1      | Reached XP level 1. HP: 11/11 MP: 3/3
   555 | D:1      | Reached XP level 2. HP: 17/17 MP: 0/5
   561 | D:1      | Reached skill level 3 in Stealth
  1069 | D:1      | Reached XP level 3. HP: 16/21 MP: 6/6
  1879 | D:2      | Noticed Natasha
  1884 | D:2      | Killed Natasha
  1885 | D:2      | Reached skill level 1 in Shields
  1885 | D:2      | Reached XP level 4. HP: 21/27 MP: 7/7
  2368 | D:2      | Noticed Natasha
  2376 | D:2      | Killed Natasha
  2377 | D:2      | Reached XP level 5. HP: 31/31 MP: 8/8
  3035 | D:3      | Noticed Jessica
  3045 | D:3      | Killed Jessica
  3046 | D:3      | Reached skill level 4 in Stealth
  3487 | D:3      | Found a blossoming altar of Fedhas.
  3489 | D:3      | Killed from afar by an orc priest

Illustrated notes

Levels and vault maps discovered:
D:1:      lemuel_arrival_tunnels, layout_loops_ring, minmay_nonomino_d4
D:2:      layout_loops_corners, uniq_natasha
D:3:      minmay_razor_zed, layout_basic, gammafunk_temple_overflow_elements,
          fedhas_altar_2, uniq_jessica

Skill      XL: |  1  2  3  4  5 |
---------------+----------------+-----
Stealth        | 3 4 |  4.1
Shields        | 1 |  1.5
Conjurations   | 2 |  2.3
Dodging        | 3 |  3.0
Spellcasting   | |  2.7
Fire Magic     | |  3.7

Action                   |  1- 3 |  4- 6 || total
-------------------------+-------+-------++-------
Melee: Dagger            |    74 |    60 ||   134
       Constrict         |    19 |    14 ||    33
       Unarmed           |     5 |       ||     5
       Tentacles         |    13 |    13 ||    26
 Cast: Foxfire           |     7 |       ||     7
 Stab: Sleeping          |    16 |     8 ||    24
       Distracted        |       |     2 ||     2
Armor: Skin              |     5 |     2 ||     7
Dodge: Dodged            |    37 |    35 ||    72
Block: Buckler           |     5 |    11 ||    16

Table legend: (Time is in decaauts)
 A = Elapsed time spent in this place.
 B = Non-inter-level travel time spent in this place.
 C = Inter-level travel time spent in this place.
 D = Time resting spent in this place.
 E = Time spent auto-exploring this place.
 F = Levels seen in this place.
 G = Mean time per level.
                   A        B        C        D        E       F      G
               +--------+--------+--------+--------+--------+-----+--------+
         Total |   3489 |   3414 |     75 |    530 |   2426 |   3 | 1163.0 |
       Dungeon |   3489 |   3414 |     75 |    530 |   2426 |   3 | 1163.0 |
               +--------+--------+--------+--------+--------+-----+--------+

Top non-repeatable levels by time:
     D:1: 1516 daAuts
     D:2: 1453 daAuts
     D:3: 519 daAuts
